 Dungeon Crawl Stone Soup version 0.23-a0-419-g0174fd8 (webtiles) character file.

105 sl00ts the Ducker (level 4, -7/41 HPs)
             Began as a Gnoll Monk on Nov 14, 2018.
             Mangled by a phantom (8 damage)
             ... on level 4 of the Dungeon.
             The game lasted 00:02:59 (2367 turns).

sl00ts the Ducker (Gnoll Monk)                      Turns: 2367, Time: 00:02:59

Health: -7/41      AC:  3    Str: 17    XL:     4   Next: 83%
Magic:  5/5        EV: 17    Int: 12    God:
Gold:   114        SH:  0    Dex: 18    Spells: 5/5 levels left

rFire    . . .     SeeInvis .   l - +0 dagger (speed)
rCold    . . .     Gourm    .   (no shield)
rNeg     . . .     Faith    .   b - +0 robe
rPois    .         Spirit   .   (no helmet)
rElec    .         Reflect  .   (no cloak)
rCorr    .         Harm     .   k - +0 pair of gloves
MR       .....                  (no boots)
Stlth    +++.......             (no amulet)
HPRegen  0.13/turn              e - +3 ring of strength
MPRegen  0.09/turn              (no ring)

@: no status effects
A: distributed training, fangs 1, strong nose
a: no special abilities


You were on level 4 of the Dungeon.
You were near starving.

You visited 1 branch of the dungeon, and saw 4 of its levels.

You collected 114 gold pieces.

Inventory:

Hand Weapons
 a - a +0 hand axe
 l - a +0 dagger of speed (weapon)
Armour
 b - a +0 robe (worn)
 k - a +0 pair of gloves (worn)
Jewellery
 e - a +3 ring of strength (left hand)
 i - an uncursed ring of resist corrosion {unknown}
Wands
 d - a wand of flame (17)
 j - a wand of paralysis (7)
Scrolls
 h - 2 scrolls of amnesia {unknown}
 m - 2 scrolls of identify {unknown}
 o - a scroll of teleportation {unknown}
Potions
 f - 4 potions of curing {unknown}
 g - a potion of brilliance {unknown}
 n - a potion of degeneration {unknown}
Comestibles
 c - 6 rations


   Skills:
 + Level 6.6 Fighting
 + Level 1.2 Short Blades
 + Level 1.2 Long Blades
 + Level 6.6 Axes
 + Level 1.2 Maces & Flails
 + Level 1.2 Polearms
 + Level 1.2 Staves
 + Level 1.2 Slings
 + Level 1.2 Bows
 + Level 1.2 Crossbows
 + Level 1.2 Throwing
 + Level 1.2 Armour
 + Level 6.6 Dodging
 + Level 4.3 Stealth
 + Level 1.2 Shields
 + Level 1.2 Unarmed Combat
 + Level 1.2 Spellcasting
 + Level 1.0 Conjurations
 + Level 1.0 Hexes
 + Level 1.0 Charms
 + Level 1.0 Summonings
 + Level 1.0 Necromancy
 + Level 1.0 Translocations
 + Level 1.0 Transmutations
 + Level 1.0 Fire Magic
 + Level 1.0 Ice Magic
 + Level 1.0 Air Magic
 + Level 1.0 Earth Magic
 + Level 1.0 Poison Magic
 + Level 1.3 Invocations
 + Level 1.2 Evocations


You had 5 spell levels left.
You didn't know any spells.
Your spell library was empty.

Dungeon Overview and Level Annotations

Branches:
Dungeon (4/15)
 Temple: D:4-7

Altars:
Xom


Innate Abilities, Weirdness & Mutations

Your experience applies equally to all skills.
You have very sharp teeth.
Your uncanny sense of smell can sniff out nearby items.


Message History

The phantom is severely damaged.
An orc comes into view.
The phantom misses you.
The orc shouts!
You hit the phantom but do no damage. Your bite misses the phantom.
The phantom is severely damaged.
You hit the phantom.
The phantom is severely damaged.
The phantom hits you.
* * * LOW HITPOINT WARNING * * *
A hound skeleton comes into view.
You hit the phantom.
The phantom is almost destroyed.
You barely miss the phantom. Your bite misses the phantom.
The phantom is almost destroyed.
The phantom closely misses you.
You closely miss the phantom.
The phantom is almost destroyed.
The phantom hits you!
You die...

###########
#<..†.†<..#
#.#######.## #.#
##...# #.#
#..#......
#####.#####.###.###.
........##.## #..
#.#@....# ###
..%o..W####..#
#####.Z .#.# #..
.### ... .# ##.. .#
#.. .. ##.


You could see a phantom, an orc and a hound skeleton.

Vanquished Creatures
  5 adders
  2 worms (D:2)
  2 dart slugs (D:2)
  A leopard gecko (D:4)
  2 ball pythons
  6 bats
  2 giant cockroaches
  A hobgoblin (D:2)
  5 jackals
  6 frilled lizards
  9 goblins
  6 kobolds
  7 rats
54 creatures vanquished.

Notes
Turn   | Place    | Note
-------+----------+-------------------------------------------
     0 | D:1      | sl00ts the Gnoll Monk began the quest for the Orb.
     0 | D:1      | Reached XP level 1. HP: 23/23 MP: 1/1
   352 | D:1      | Reached XP level 2. HP: 18/29 MP: 2/2
   873 | D:2      | Reached XP level 3. HP: 35/35 MP: 3/3
   922 | D:2      | Reached skill level 1 in Invocations
   981 | D:2      | Found a shimmering altar of Xom.
  1180 | D:2      | Reached skill level 1 in Short Blades
  1180 | D:2      | Reached skill level 1 in Long Blades
  1180 | D:2      | Reached skill level 1 in Maces & Flails
  1180 | D:2      | Reached skill level 1 in Polearms
  1180 | D:2      | Reached skill level 1 in Staves
  1180 | D:2      | Reached skill level 1 in Slings
  1180 | D:2      | Reached skill level 1 in Bows
  1180 | D:2      | Reached skill level 1 in Crossbows
  1180 | D:2      | Reached skill level 1 in Throwing
  1180 | D:2      | Reached skill level 1 in Armour
  1180 | D:2      | Reached skill level 1 in Shields
  1180 | D:2      | Reached skill level 1 in Unarmed Combat
  1180 | D:2      | Reached skill level 1 in Spellcasting
  1180 | D:2      | Reached skill level 1 in Evocations
  1314 | D:2      | Reached XP level 4. HP: 35/41 MP: 5/5
  1909 | D:3      | Reached skill level 1 in Conjurations
  1909 | D:3      | Reached skill level 1 in Hexes
  1909 | D:3      | Reached skill level 1 in Charms
  1909 | D:3      | Reached skill level 1 in Summonings
  1909 | D:3      | Reached skill level 1 in Necromancy
  1909 | D:3      | Reached skill level 1 in Translocations
  1909 | D:3      | Reached skill level 1 in Transmutations
  1909 | D:3      | Reached skill level 1 in Fire Magic
  1909 | D:3      | Reached skill level 1 in Ice Magic
  1909 | D:3      | Reached skill level 1 in Air Magic
  1909 | D:3      | Reached skill level 1 in Earth Magic
  1909 | D:3      | Reached skill level 1 in Poison Magic
  2244 | D:4      | Noticed a phantom
  2364 | D:4      | HP: 1/41 [phantom (6)]
  2367 | D:4      | Mangled by a phantom

Vault maps used:
D:1:      noname_arrival_rooms_in_the_neighbourhood
D:2:      minmay_diamond_boxcup, xom_butterflies
D:3:      first_ration
D:4:      kennysheep_ying_yang, ashenzari_conservatory_becter,
          kennysheep_little_box, lemuel_doored_altar, uniq_edmund

Skill      XL: |  1  2  3  4 |
---------------+-------------+-----
Invocations    | 1 |  1.3
Short Blades   | 1 |  1.2
Long Blades    | 1 |  1.2
Maces & Flails | 1 |  1.2
Polearms       | 1 |  1.2
Staves         | 1 |  1.2
Slings         | 1 |  1.2
Bows           | 1 |  1.2
Crossbows      | 1 |  1.2
Throwing       | 1 |  1.2
Armour         | 1 |  1.2
Shields        | 1 |  1.2
Unarmed Combat | 1 |  1.2
Spellcasting   | 1 |  1.2
Evocations     | 1 |  1.2
Conjurations   | 1 |  1.0
Hexes          | 1 |  1.0
Charms         | 1 |  1.0
Summonings     | 1 |  1.0
Necromancy     | 1 |  1.0
Translocations | 1 |  1.0
Transmutations | 1 |  1.0
Fire Magic     | 1 |  1.0
Ice Magic      | 1 |  1.0
Air Magic      | 1 |  1.0
Earth Magic    | 1 |  1.0
Poison Magic   | 1 |  1.0
Fighting       | |  6.6
Axes           | |  6.6
Dodging        | |  6.6
Stealth        | |  4.3

Action                   |  1- 3 |  4- 6 || total
-------------------------+-------+-------++-------
Melee: Hand axe          |    97 |       ||    97
       Bite              |    13 |    16 ||    29
       Punch             |     1 |       ||     1
       Dagger            |       |   149 ||   149
  Use: Scroll            |     1 |       ||     1
       Potion            |     1 |       ||     1
 Stab: Sleeping          |    10 |     5 ||    15
  Eat: Chunk             |     1 |     2 ||     3
Armor: Robe              |     5 |    18 ||    23
Dodge: Dodged            |    63 |    95 ||   158

Table legend:
 A = Non-vault XP
 B = Vault XP
 C = Vault XP percentage of total XP
 D = Non-vault monster count
 E = Vault monster count
 F = Vault count percentage of total count
                 A         B        C        D         E       F
            +---------+---------+-------+---------+---------+-------
      Total |     128 |      23 |  15.2 |      47 |       7 |  13.0
            +---------+---------+-------+---------+---------+-------
        D:1 |      18 |       0 |   0.0 |      14 |       0 |   0.0
        D:2 |      60 |      23 |  27.7 |      17 |       7 |  29.2
        D:3 |      41 |       0 |   0.0 |      12 |       0 |   0.0
        D:4 |       9 |       0 |   0.0 |       4 |       0 |   0.0
            +---------+---------+-------+---------+---------+-------
